 Dungeon Crawl Stone Soup version 0.29.0-11-gd7f09526c8 (webtiles) character file.

Game seed: 13090075086881373609

4 Arum the Ducker (level 1, -2/16 HPs)
             Began as a Demonspawn Gladiator on Sept 5, 2022.
             Slain by a goblin
             ... wielding a +0 dagger
              (3 damage)
             ... on level 1 of the Dungeon.
             The game lasted 00:00:20 (61 turns).

Arum the Ducker (Demonspawn Gladiator)                Turns: 61, Time: 00:00:21

Health: -2/16      AC:  4    Str: 14    XL:     1   Next: 50%
Magic:  1/1        EV: 12    Int:  9    God:
Gold:   18         SH:  0    Dex: 14    Spells: 0/0 levels left

rFire   . . .      SeeInvis .   a - +0 long sword
rCold   . . .      Faith    .   (no shield)
rNeg    . . .      Spirit   .   b - +0 leather armour
rPois   .          Reflect  .   c - +0 helmet
rElec   .          Harm     .   (no cloak)
rCorr   .          Rampage  .   (no gloves)
Will    .....                   (no boots)
Stlth   +.........              (no amulet)
HPRegen 0.05/turn               (no ring)
MPRegen 0.07/turn               (no ring)

@: no status effects
A: no striking features
a: no special abilities


You were on level 1 of the Dungeon.
You visited 1 branch of the dungeon, and saw 1 of its levels.

You collected 18 gold pieces.

Inventory:

Hand Weapons
 a - a +0 long sword (weapon)
Missiles
 d - 3 throwing nets (quivered)
 e - a javelin
Armour
 b - a +0 leather armour (worn)
 c - a +0 helmet (worn)


   Skills:
 + Level 2.1 Fighting
 + Level 2.7 Long Blades
 - Level 1.7 Throwing
 + Level 2.8 Dodging


You couldn't memorise any spells.
You didn't know any spells.
Your spell library was empty.

Dungeon Overview and Level Annotations

Branches:
Dungeon (1/15)

Altars:


Message History

You hit the kobold.
You kill the kobold!
The frilled lizard bites you but does no damage.
The goblin hits you but does no damage. The kobold hits you with a +0 whip.
You closely miss the goblin.
The frilled lizard bites you but does no damage.
The goblin closely misses you. The kobold hits you with a +0 whip.
You are too injured to fight recklessly!
You are too injured to fight recklessly!
You are too injured to fight recklessly!
You are too injured to fight recklessly!
You are too injured to fight recklessly!
Unknown command.
You are too injured to fight recklessly!
The frilled lizard attacks as you move away!
The frilled lizard closely misses you. The goblin attacks as you move away!
The goblin misses you.
You see here a +0 robe.
The frilled lizard attacks as you move away!
The frilled lizard closely misses you.
You slash the frilled lizard!
You kill the frilled lizard!
You hit the goblin.
The goblin is moderately wounded.
The goblin hits you with a +0 dagger. The goblin closely misses you.
You barely miss the goblin.
The goblin is moderately wounded.
The goblin hits you but does no damage.
You hit the goblin but do no damage. You punch the goblin, but do no damage.
The goblin barely misses you.
You closely miss the goblin. The goblin misses you.
The goblin closely misses you.
You barely miss the goblin. The goblin hits you with a +0 dagger.
* * * LOW HITPOINT WARNING * * *
You closely miss the goblin. The goblin hits you with a +0 dagger.
* * * LOW HITPOINT WARNING * * *
You hit the goblin.
The goblin is heavily wounded.
The goblin hits you with a +0 dagger.
You die...

#......# ####. ###...)..#
..... .........# #.....
..#......## ......
##.....[## ......
##......##...... #....#.Kg#
#....###g# ##......#@##
##..........# ######
#...........########.>..#
#.......................#
#..........####......####
........................####
##..........####...........#
##........## #............
#........# #............


You could see a hobgoblin, a goblin and a kobold.

Vanquished Creatures
  A kobold (D:1)
  2 ball pythons (D:1)
  A bat (D:1)
  A frilled lizard (D:1)
5 creatures vanquished.

Notes
Turn   | Place    | Note
-------+----------+-------------------------------------------
     0 | D:1      | Arum the Demonspawn Gladiator began the quest for the Orb.
     0 | D:1      | Reached XP level 1. HP: 16/16 MP: 1/1
    61 | D:1      | Slain by a goblin

Illustrated notes

Levels and vault maps discovered:
D:1:      nicolae_arrival_washed_ashore, layout_rooms,
          chequers_ecumenical_altar_island

Action                   || total
-------------------------++-------
Melee: Long sword        ||    17
       Punch             ||     1
Armor: Leather armour    ||     5
Dodge: Dodged            ||    22
